[Event "Live Chess"]
[Site "Chess.com"]
[Date "2010.12.31"]
[Round "-"]
[White "CPSheppard"]
[Black "hipposcottimus"]
[Result "1-0"]
[CurrentPosition "r1bqr2k/ppp4p/5npQ/n3p1B1/4P3/2P2P2/PP4PP/RN2K1R1 b Q -"]
[Timezone "UTC"]
[ECO "C23"]
[ECOUrl "https://www.chess.com/openings/Bishops-Opening-2...Nc6"]
[UTCDate "2010.12.31"]
[UTCTime "21:20:15"]
[WhiteElo "1595"]
[BlackElo "1616"]
[TimeControl "60"]
[Termination "CPSheppard won on time"]
[StartTime "21:20:15"]
[EndDate "2010.12.31"]
[EndTime "21:21:11"]
[Link "https://www.chess.com/game/live/82972505"]

1. e4 e5 2. Bc4 Nc6 3. Bxf7+ Kxf7 4. Qh5+ g6 5. Qf3+ Nf6 6. Qb3+ d5 7. c3 Bd6 8. f3 Re8 9. d3 Kg7 10. Qc2 Na5 11. Qd2 dxe4 12. Qh6+ Kh8 13. dxe4 Bc5 14. Bg5 Bxg1 15. Rxg1 1-0

[Event "Live Chess"]
[Site "Chess.com"]
[Date "2010.12.31"]
[Round "-"]
[White "Knight_Knight"]
[Black "hipposcottimus"]
[Result "0-1"]
[CurrentPosition "6k1/p4p1p/2P2p2/8/1P6/P5P1/3r2qP/R1R3K1 w - -"]
[Timezone "UTC"]
[ECO "D31"]
[ECOUrl "https://www.chess.com/openings/Queens-Gambit-Declined-Semi-Slav-Defense-Accelerated-Move-Order"]
[UTCDate "2010.12.31"]
[UTCTime "01:25:13"]
[WhiteElo "1147"]
[BlackElo "1377"]
[TimeControl "600"]
[Termination "hipposcottimus won by checkmate"]
[StartTime "01:25:13"]
[EndDate "2010.12.31"]
[EndTime "01:37:10"]
[Link "https://www.chess.com/game/live/82704007"]

1. d4 d5 2. c4 c6 3. Nc3 e6 4. a3 Nf6 5. Bg5 Be7 6. Bxf6 Bxf6 7. Nf3 Nd7 8. e4 e5 9. exd5 cxd5 10. Nxd5 O-O 11. Nxf6+ Qxf6 12. Be2 e4 13. Ne5 Nxe5 14. dxe5 Qxe5 15. b3 Bf5 16. O-O Rad8 17. Qc1 Qf6 18. Rd1 Qg6 19. Qf4 Bh3 20. g3 Rde8 21. Qc7 e3 22. Qxb7 exf2+ 23. Kxf2 Qc2 24. Qf3 Re6 25. Rdc1 Qd2 26. b4 Rf6 27. Qxf6 gxf6 28. Rd1 Qc2 29. Rdc1 Qf5+ 30. Kg1 Qe4 31. Bf1 Qe3+ 32. Kh1 Qf3+ 33. Kg1 Bf5 34. Bg2 Qe3+ 35. Kh1 Be4 36. Bxe4 Qxe4+ 37. Kg1 Rd8 38. c5 Rd2 39. c6 Qg2# 0-1

[Event "Live Chess"]
[Site "Chess.com"]
[Date "2010.12.31"]
[Round "-"]
[White "Knight_Knight"]
[Black "hipposcottimus"]
[Result "1-0"]
[CurrentPosition "r1bk4/1pQ4p/p3p3/1B1p4/8/8/P4P1N/2R1K3 b - -"]
[Timezone "UTC"]
[ECO "D10"]
[ECOUrl "https://www.chess.com/openings/Slav-Defense-Exchange-Variation-3...cxd5-4.Nf3"]
[UTCDate "2010.12.31"]
[UTCTime "01:16:55"]
[WhiteElo "1147"]
[BlackElo "1377"]
[TimeControl "600"]
[Termination "Knight_Knight won by checkmate"]
[StartTime "01:16:55"]
[EndDate "2010.12.31"]
[EndTime "01:23:06"]
[Link "https://www.chess.com/game/live/82702207"]

1. d4 d5 2. c4 c6 3. cxd5 cxd5 4. Nf3 Nd7 5. Nc3 Ngf6 6. Bg5 e6 7. e4 Bb4 8. e5 Qa5 9. Bxf6 Bxc3+ 10. bxc3 Qxc3+ 11. Nd2 Qxd4 12. Bxg7 Rg8 13. Bh6 Qxe5+ 14. Be2 Rxg2 15. Nf3 Qe4 16. Nd2 Qg6 17. Be3 Rg1+ 18. Rxg1 Qxg1+ 19. Nf1 Qxh2 20. Nxh2 Nf6 21. Bb5+ Ke7 22. Bc5+ Kd8 23. Qf3 Ne4 24. Qxf7 Nxc5 25. Qf8+ Kc7 26. Qxc5+ Kd8 27. Rc1 a6 28. Qc7# 1-0

[Event "Live Chess"]
[Site "Chess.com"]
[Date "2010.12.31"]
[Round "-"]
[White "hipposcottimus"]
[Black "YIYO"]
[Result "0-1"]
[CurrentPosition "6k1/5ppp/4p3/2rp4/1p6/1P2nPP1/P2R2KP/2R5 w - -"]
[Timezone "UTC"]
[ECO "C00"]
[ECOUrl "https://www.chess.com/openings/French-Defense-Franco-Sicilian-Defense"]
[UTCDate "2010.12.31"]
[UTCTime "00:31:56"]
[WhiteElo "1377"]
[BlackElo "1432"]
[TimeControl "600"]
[Termination "YIYO won by resignation"]
[StartTime "00:31:56"]
[EndDate "2010.12.31"]
[EndTime "00:43:41"]
[Link "https://www.chess.com/game/live/82692023"]

1. e4 e6 2. d4 c5 3. Bb5 a6 4. Ba4 b5 5. Bxb5 axb5 6. dxc5 Bxc5 7. Nf3 Qc7 8. e5 Nc6 9. Bf4 Nge7 10. O-O Ng6 11. Qd2 Ngxe5 12. Qc3 Nxf3+ 13. Qxf3 Bd6 14. Bg3 Ne5 15. Qxa8 O-O 16. Nd2 Bb7 17. Qa7 Ra8 18. Qe3 Ng4 19. Qd3 Bxg3 20. fxg3 Qc6 21. Nf3 Ne5 22. Qe2 Qc5+ 23. Kh1 Bxf3 24. gxf3 Nc4 25. b3 Ne3 26. Rf2 d5 27. Qd2 b4 28. Re2 Nf5 29. Kg2 Nd4 30. Qe3 Ra5 31. Rd2 Nxc2 32. Qxc5 Rxc5 33. Rc1 Ne3+ 0-1

[Event "Live Chess"]
[Site "Chess.com"]
[Date "2010.12.31"]
[Round "-"]
[White "Nicatous"]
[Black "hipposcottimus"]
[Result "0-1"]
[CurrentPosition "r2q1rk1/5ppp/pn2p2B/2bp4/1p4n1/5N2/PPP3PP/1NKRR3 w - -"]
[Timezone "UTC"]
[ECO "D00"]
[ECOUrl "https://www.chess.com/openings/Queens-Pawn-Opening-1...d5-2.e3-c5"]
[UTCDate "2010.12.31"]
[UTCTime "00:24:53"]
[WhiteElo "930"]
[BlackElo "1384"]
[TimeControl "420"]
[Termination "hipposcottimus won by resignation"]
[StartTime "00:24:53"]
[EndDate "2010.12.31"]
[EndTime "00:30:21"]
[Link "https://www.chess.com/game/live/82690521"]

1. d4 d5 2. e3 c5 3. Bb5+ Bd7 4. Bxd7+ Nxd7 5. Nc3 cxd4 6. Qxd4 Ngf6 7. Nf3 e6 8. Bd2 Bc5 9. Qa4 O-O 10. O-O-O a6 11. Rhe1 b5 12. Qh4 Nb6 13. e4 b4 14. Nb1 Nxe4 15. Qg4 Nxf2 16. Bh6 Nxg4 0-1

[Event "Live Chess"]
[Site "Chess.com"]
[Date "2010.12.30"]
[Round "-"]
[White "hipposcottimus"]
[Black "tijean11"]
[Result "1-0"]
[CurrentPosition "1rbR4/p1p1k1pp/1p6/2bBr1B1/4Q3/2N5/PPP3PP/R6K b - -"]
[Timezone "UTC"]
[ECO "C42"]
[ECOUrl "https://www.chess.com/openings/Petrovs-Defense-Urusov-Gambit"]
[UTCDate "2010.12.30"]
[UTCTime "23:56:28"]
[WhiteElo "1383"]
[BlackElo "1019"]
[TimeControl "600"]
[Termination "hipposcottimus won by checkmate"]
[StartTime "23:56:28"]
[EndDate "2010.12.31"]
[EndTime "00:03:10"]
[Link "https://www.chess.com/game/live/82683921"]

1. e4 e5 2. Nf3 Nf6 3. Bc4 d6 4. Nc3 Nc6 5. d4 exd4 6. Nxd4 Nxd4 7. Qxd4 Be7 8. O-O O-O 9. f4 b6 10. e5 Nd7 11. Bd5 Rb8 12. Qe4 dxe5 13. fxe5 Bc5+ 14. Kh1 Re8 15. Rxf7 Rxe5 16. Rxd7+ Kf8 17. Rxd8+ Ke7 18. Bg5# 1-0

[Event "Live Chess"]
[Site "Chess.com"]
[Date "2010.12.30"]
[Round "-"]
[White "hipposcottimus"]
[Black "av04"]
[Result "1-0"]
[CurrentPosition "4rk2/2p3Rp/p1p5/P7/8/2BP1R2/1Pb3PP/6K1 b - -"]
[Timezone "UTC"]
[ECO "C57"]
[ECOUrl "https://www.chess.com/openings/Italian-Game-Fried-Liver-Attack-6...Kxf7-7.Qf3"]
[UTCDate "2010.12.30"]
[UTCTime "23:44:39"]
[WhiteElo "1381"]
[BlackElo "1288"]
[TimeControl "180+3"]
[Termination "hipposcottimus won by checkmate"]
[StartTime "23:44:39"]
[EndDate "2010.12.30"]
[EndTime "23:51:15"]
[Link "https://www.chess.com/game/live/82681099"]

1. e4 e5 2. Nf3 Nc6 3. Bc4 Nf6 4. Ng5 d5 5. exd5 Nxd5 6. Nxf7 Kxf7 7. Qf3+ Ke8 8. Bxd5 Qf6 9. Bxc6+ bxc6 10. Qc3 e4 11. O-O Qxc3 12. Nxc3 Bf5 13. f3 exf3 14. Rxf3 Bxc2 15. d3 Bb4 16. a4 Rf8 17. Re3+ Kf7 18. Bd2 Rae8 19. Rf3+ Kg8 20. Rg3 Bxc3 21. Bxc3 Rf7 22. a5 Rfe7 23. Bd4 a6 24. Bc3 Re3 25. Rxg7+ Kf8 26. Rf1+ Rf3 27. Rxf3# 1-0

[Event "Live Chess"]
[Site "Chess.com"]
[Date "2010.12.30"]
[Round "-"]
[White "hipposcottimus"]
[Black "dalis"]
[Result "0-1"]
[CurrentPosition "1k2r3/1Pp2pbp/8/8/1R2Br2/8/P6P/7K w - -"]
[Timezone "UTC"]
[ECO "C01"]
[ECOUrl "https://www.chess.com/openings/French-Defense-Exchange-Variation-3...exd5-4.Nf3-Nf6-5.Bg5"]
[UTCDate "2010.12.30"]
[UTCTime "23:27:22"]
[WhiteElo "1375"]
[BlackElo "1379"]
[TimeControl "600"]
[Termination "dalis won on time"]
[StartTime "23:27:22"]
[EndDate "2010.12.30"]
[EndTime "23:43:19"]
[Link "https://www.chess.com/game/live/82676655"]

1. e4 e6 2. d4 d5 3. exd5 exd5 4. Nf3 Nf6 5. Bg5 Nc6 6. c4 Bb4+ 7. Nc3 Qe7+ 8. Be2 dxc4 9. O-O Be6 10. Bxf6 Qxf6 11. d5 O-O-O 12. Qa4 Bxc3 13. dxc6 Bxb2 14. cxb7+ Kb8 15. Rab1 c3 16. Bd1 Bd5 17. Nd4 Bxg2 18. Nb5 a6 19. Kxg2 Qg5+ 20. Kh1 Qxb5 21. Qxb5 axb5 22. Rg1 Rd2 23. Rxg7 c2 24. Bxc2 Bxg7 25. Be4 Rxf2 26. Rxb5 Re8 27. Rb4 Rf4 0-1

[Event "Live Chess"]
[Site "Chess.com"]
[Date "2010.12.30"]
[Round "-"]
[White "dalis"]
[Black "hipposcottimus"]
[Result "1-0"]
[CurrentPosition "r2rk3/2N1bppp/p7/2p1P3/6n1/8/PPP2P1P/R1B2RK1 b - -"]
[Timezone "UTC"]
[ECO "C62"]
[ECOUrl "https://www.chess.com/openings/Ruy-Lopez-Opening-Old-Steinitz-Defense-4.d4"]
[UTCDate "2010.12.30"]
[UTCTime "23:15:48"]
[WhiteElo "1379"]
[BlackElo "1375"]
[TimeControl "600"]
[Termination "dalis won by resignation"]
[StartTime "23:15:48"]
[EndDate "2010.12.30"]
[EndTime "23:24:34"]
[Link "https://www.chess.com/game/live/82673800"]

1. e4 e5 2. Nf3 Nc6 3. Bb5 d6 4. d4 a6 5. Bxc6+ bxc6 6. dxe5 Bg4 7. Qd4 Bxf3 8. gxf3 c5 9. Qa4+ Qd7 10. Qxd7+ Kxd7 11. exd6 cxd6 12. O-O Be7 13. Nc3 Nf6 14. f4 Rhd8 15. e5 dxe5 16. fxe5 Ng4 17. Nd5 Ke8 18. Nc7+ 1-0

[Event "Live Chess"]
[Site "Chess.com"]
[Date "2010.12.30"]
[Round "-"]
[White "hipposcottimus"]
[Black "omar09"]
[Result "1-0"]
[CurrentPosition "1q2r2k/4P1p1/5p1p/p7/2Q5/P1P5/4R1PP/4R1K1 b - -"]
[Timezone "UTC"]
[ECO "C41"]
[ECOUrl "https://www.chess.com/openings/Philidor-Defense-3.Bc4"]
[UTCDate "2010.12.30"]
[UTCTime "22:57:05"]
[WhiteElo "1375"]
[BlackElo "1287"]
[TimeControl "120+12"]
[Termination "hipposcottimus won by resignation"]
[StartTime "22:57:05"]
[EndDate "2010.12.30"]
[EndTime "23:09:05"]
[Link "https://www.chess.com/game/live/82669218"]

1. e4 e5 2. Nf3 d6 3. Bc4 h6 4. d4 exd4 5. Nxd4 Bd7 6. Nc3 Nc6 7. O-O Nxd4 8. Qxd4 Nf6 9. f4 c5 10. Qe3 Be7 11. e5 dxe5 12. fxe5 Nh7 13. Bd3 Bg5 14. Qf3 O-O 15. Bxh7+ Kxh7 16. Bxg5 Qxg5 17. Qxb7 Bh3 18. Rf2 Be6 19. Raf1 Kg8 20. Nd5 Bxd5 21. Qxd5 Qe7 22. a3 Rad8 23. Qe4 f6 24. Qc4+ Kh8 25. e6 Rfe8 26. Re2 Qc7 27. Rfe1 a5 28. e7 Rd7 29. Qf7 Qb8 30. b3 Rc7 31. c3 c4 32. bxc4 Rxc4 33. Qxc4 1-0

[Event "Live Chess"]
[Site "Chess.com"]
[Date "2010.12.30"]
[Round "-"]
[White "hipposcottimus"]
[Black "RuiPalma"]
[Result "1-0"]
[CurrentPosition "4Q2R/6rk/8/pp6/2p5/8/PPP3PP/4R1K1 b - -"]
[Timezone "UTC"]
[ECO "C55"]
[ECOUrl "https://www.chess.com/openings/Italian-Game-Anti-Fried-Liver-Defense"]
[UTCDate "2010.12.30"]
[UTCTime "22:36:00"]
[WhiteElo "1369"]
[BlackElo "1318"]
[TimeControl "600+2"]
[Termination "hipposcottimus won by checkmate"]
[StartTime "22:36:00"]
[EndDate "2010.12.30"]
[EndTime "22:49:46"]
[Link "https://www.chess.com/game/live/82663787"]

1. e4 e5 2. Nf3 Nc6 3. Bc4 h6 4. d4 exd4 5. Nxd4 Nxd4 6. Qxd4 d6 7. Nc3 Bd7 8. Be3 Nf6 9. f4 Ng4 10. O-O Nxe3 11. Qxe3 Be7 12. e5 dxe5 13. fxe5 O-O 14. Bd3 Bg5 15. Qe4 g6 16. Nd5 Bc6 17. Bc4 Re8 18. Rae1 b5 19. Bb3 Qd7 20. Qf3 a5 21. Nf6+ Bxf6 22. Qxf6 Rf8 23. e6 fxe6 24. Bxe6+ Rf7 25. Qxg6+ Kh8 26. Bxd7 Rxd7 27. Qxh6+ Rh7 28. Qxc6 Rd8 29. Qf6+ Rg7 30. Qxd8+ Kh7 31. Qe8 c5 32. Rf8 c4 33. Rh8# 1-0

[Event "Live Chess"]
[Site "Chess.com"]
[Date "2010.12.30"]
[Round "-"]
[White "Sam2012"]
[Black "hipposcottimus"]
[Result "0-1"]
[CurrentPosition "4r3/p5kp/6p1/8/1P1N4/3B2n1/3K1p2/8 w - -"]
[Timezone "UTC"]
[ECO "A00"]
[ECOUrl "https://www.chess.com/openings/Mieses-Opening-Reversed-Rat-Variation"]
[UTCDate "2010.12.30"]
[UTCTime "22:20:56"]
[WhiteElo "955"]
[BlackElo "1362"]
[TimeControl "120+12"]
[Termination "hipposcottimus won by resignation"]
[StartTime "22:20:56"]
[EndDate "2010.12.30"]
[EndTime "22:35:19"]
[Link "https://www.chess.com/game/live/82659721"]

1. d3 e5 2. Be3 d5 3. Qc1 d4 4. Bg5 f6 5. Bd2 Nc6 6. c3 Bf5 7. g3 e4 8. dxe4 Bxe4 9. f3 Bd5 10. Bh3 Nge7 11. Bf4 Ng6 12. cxd4 Bb4+ 13. Kf1 O-O 14. a3 Bd6 15. e3 Bxf4 16. exf4 Nxd4 17. Qc5 Bxf3 18. Nxf3 Nxf3 19. Be6+ Kh8 20. Nc3 b6 21. Rd1 Qxd1+ 22. Nxd1 bxc5 23. Ne3 Nd4 24. Bd5 c6 25. Bc4 Rae8 26. Kf2 Re4 27. Bd3 Re6 28. f5 Nxf5 29. Bxf5 Rd6 30. Nc4 Rd4 31. Rc1 Ne5 32. Ne3 g6 33. Be6 Rd2+ 34. Ke1 Rxh2 35. Nc4 Nd3+ 36. Kd1 Rh1+ 37. Kd2 Nxc1 38. Nd6 Rd8 39. Kc2 Ne2 40. Nf7+ Kg7 41. Nxd8 Nxg3 42. Nxc6 Re1 43. Bc4 f5 44. Kd2 Re4 45. Bd3 Re6 46. Nd8 Re8 47. Nc6 f4 48. b4 cxb4 49. axb4 f3 50. Nd4 f2 0-1

[Event "Live Chess"]
[Site "Chess.com"]
[Date "2010.12.30"]
[Round "-"]
[White "bryanakabrine"]
[Black "hipposcottimus"]
[Result "1-0"]
[CurrentPosition "r2q1rk1/pppn2pp/2nb4/3Np3/6P1/4BN1P/PPP1QPB1/R4RK1 b - -"]
[Timezone "UTC"]
[ECO "C47"]
[ECOUrl "https://www.chess.com/openings/Four-Knights-Game"]
[UTCDate "2010.12.30"]
[UTCTime "22:00:04"]
[WhiteElo "1348"]
[BlackElo "1362"]
[TimeControl "120+12"]
[Termination "bryanakabrine won on time"]
[StartTime "22:00:04"]
[EndDate "2010.12.30"]
[EndTime "22:06:15"]
[Link "https://www.chess.com/game/live/82654056"]

1. e4 e5 2. Nf3 Nc6 3. Nc3 Nf6 4. d3 d5 5. Qe2 Bd6 6. h3 dxe4 7. dxe4 O-O 8. g3 Be6 9. Bg2 Nd7 10. O-O f5 11. exf5 Bxf5 12. g4 Be6 13. Be3 Bd5 14. Nxd5 1-0

[Event "Live Chess"]
[Site "Chess.com"]
[Date "2010.12.30"]
[Round "-"]
[White "gerrywin"]
[Black "hipposcottimus"]
[Result "0-1"]
[CurrentPosition "4r2k/pp4pp/2p4q/5Q2/3P4/2P5/PPB1b1pP/6K1 w - -"]
[Timezone "UTC"]
[ECO "C36"]
[ECOUrl "https://www.chess.com/openings/Kings-Gambit-Accepted-Modern-Defense-4.exd5"]
[UTCDate "2010.12.30"]
[UTCTime "21:41:44"]
[WhiteElo "1601"]
[BlackElo "1371"]
[TimeControl "360+2"]
[Termination "hipposcottimus won on time"]
[StartTime "21:41:44"]
[EndDate "2010.12.30"]
[EndTime "21:54:46"]
[Link "https://www.chess.com/game/live/82648866"]

1. e4 e5 2. f4 d5 3. exd5 exf4 4. Nf3 Nf6 5. d4 Nxd5 6. Bc4 Ne3 7. Qe2 Be7 8. Bxe3 fxe3 9. Qxe3 Nc6 10. O-O O-O 11. c3 Kh8 12. Nbd2 f5 13. Ne5 Bg5 14. Qe2 Nxe5 15. Qxe5 Bxd2 16. Rad1 Re8 17. Qg3 f4 18. Qd3 Be3+ 19. Kh1 Qg5 20. Bb3 c6 21. Bc2 Qh6 22. Rde1 Bg4 23. Rxe3 Rxe3 24. Qc4 Rae8 25. Qc5 Re1 26. Kg1 Rxf1+ 27. Kxf1 Be2+ 28. Kg1 f3 29. Qf5 fxg2 0-1

[Event "Live Chess"]
[Site "Chess.com"]
[Date "2010.12.30"]
[Round "-"]
[White "hipposcottimus"]
[Black "WBrenner"]
[Result "1-0"]
[CurrentPosition "2R1Q3/3k4/1b6/1N1r1p2/P7/1P4P1/3p1P2/6K1 b - -"]
[Timezone "UTC"]
[ECO "C55"]
[ECOUrl "https://www.chess.com/openings/Italian-Game-Anti-Fried-Liver-Defense"]
[UTCDate "2010.12.30"]
[UTCTime "21:28:51"]
[WhiteElo "1357"]
[BlackElo "1256"]
[TimeControl "240+4"]
[Termination "hipposcottimus won by checkmate"]
[StartTime "21:28:51"]
[EndDate "2010.12.30"]
[EndTime "21:39:06"]
[Link "https://www.chess.com/game/live/82645308"]

1. e4 e5 2. Nf3 Nc6 3. Bc4 h6 4. d4 exd4 5. Nxd4 Nge7 6. Bf4 g5 7. Qh5 Rh7 8. Bxg5 Nxd4 9. O-O Nxc2 10. Bxh6 Bxh6 11. Nc3 Nxa1 12. Rxa1 Ng6 13. Nd5 Qg5 14. Qxg5 Bxg5 15. Nxc7+ Kd8 16. Nxa8 Bf4 17. g3 Be5 18. Rb1 d6 19. b3 b6 20. Rc1 Bb7 21. Bd5 Bxd5 22. exd5 Kd7 23. Rc7+ Ke8 24. Rxa7 Ne7 25. Nxb6 Rh5 26. a4 Bd4 27. Ra8+ Nc8 28. Nxc8 Kd7 29. Na7 Rxd5 30. Nb5 Bb6 31. Rf8 f5 32. Rf7+ Kc6 33. h4 Re5 34. h5 d5 35. h6 d4 36. Rf8 Rd5 37. h7 d3 38. h8=Q d2 39. Rc8+ Kd7 40. Qe8# 1-0

[Event "Live Chess"]
[Site "Chess.com"]
[Date "2010.12.30"]
[Round "-"]
[White "WBrenner"]
[Black "hipposcottimus"]
[Result "1-0"]
[CurrentPosition "rn3rk1/pQ2b1pp/5n2/3pNp2/8/4B3/PPP2PPP/2KR3R b - -"]
[Timezone "UTC"]
[ECO "A00"]
[ECOUrl "https://www.chess.com/openings/Van-Geet-Opening-1...d5-2.e3-e5"]
[UTCDate "2010.12.30"]
[UTCTime "21:23:00"]
[WhiteElo "1262"]
[BlackElo "1351"]
[TimeControl "240+4"]
[Termination "WBrenner won by resignation"]
[StartTime "21:23:00"]
[EndDate "2010.12.30"]
[EndTime "21:28:12"]
[Link "https://www.chess.com/game/live/82643617"]

1. Nc3 d5 2. e3 e5 3. Qe2 f5 4. Qb5+ c6 5. Qa4 Nf6 6. d4 b5 7. Nxb5 cxb5 8. Qxb5+ Bd7 9. Qb7 Bc6 10. Qb3 exd4 11. Bb5 dxe3 12. Bxe3 Be7 13. O-O-O O-O 14. Nf3 Qe8 15. Bxc6 Qxc6 16. Ne5 Qb7 17. Qxb7 1-0

[Event "Live Chess"]
[Site "Chess.com"]
[Date "2010.12.30"]
[Round "-"]
[White "hipposcottimus"]
[Black "kerween"]
[Result "1-0"]
[CurrentPosition "2krn1qr/5R2/pPNpQ2b/P1pP4/6pp/7P/6P1/2R3K1 b - -"]
[Timezone "UTC"]
[ECO "B07"]
[ECOUrl "https://www.chess.com/openings/Pirc-Defense-2.d4-c6"]
[UTCDate "2010.12.30"]
[UTCTime "21:00:48"]
[WhiteElo "1360"]
[BlackElo "1646"]
[TimeControl "600+4"]
[Termination "hipposcottimus won by resignation"]
[StartTime "21:00:48"]
[EndDate "2010.12.30"]
[EndTime "21:13:25"]
[Link "https://www.chess.com/game/live/82637161"]

1. e4 c6 2. d4 d6 3. c4 e6 4. Be3 Na6 5. f4 Nc7 6. Nf3 Bd7 7. Be2 Qe7 8. b4 f6 9. a4 Qf7 10. Nc3 Nh6 11. f5 Ng4 12. fxe6 Bxe6 13. Bf2 Nxf2 14. Kxf2 Bxc4 15. Re1 O-O-O 16. Kg1 g5 17. b5 c5 18. d5 Bxe2 19. Qxe2 Ne8 20. Rf1 Qe7 21. a5 h5 22. b6 a6 23. Rac1 Kb8 24. Nb5 h4 25. Na7 Qh7 26. h3 Bh6 27. Nc6+ Kc8 28. e5 fxe5 29. Nfxe5 g4 30. Rf7 Qg8 31. Na7+ Kb8 32. Nec6+ bxc6 33. Nxc6+ Kc8 34. Qe6+ 1-0

[Event "Live Chess"]
[Site "Chess.com"]
[Date "2010.12.30"]
[Round "-"]
[White "konkachri"]
[Black "hipposcottimus"]
[Result "1-0"]
[CurrentPosition "r3r1k1/ppp2ppp/7q/3P4/2Q2PN1/2P5/PPP3PP/1K1R3R b - -"]
[Timezone "UTC"]
[ECO "C50"]
[ECOUrl "https://www.chess.com/openings/Italian-Game"]
[UTCDate "2010.12.30"]
[UTCTime "20:55:01"]
[WhiteElo "1296"]
[BlackElo "1345"]
[TimeControl "600"]
[Termination "konkachri won by resignation"]
[StartTime "20:55:01"]
[EndDate "2010.12.30"]
[EndTime "20:59:46"]
[Link "https://www.chess.com/game/live/82635386"]

1. e4 e5 2. Bc4 Nc6 3. Nf3 Nf6 4. Nc3 Na5 5. Qe2 Bb4 6. Nxe5 d5 7. exd5 Nxc4 8. Qxc4 Bxc3 9. dxc3 O-O 10. Bg5 Qd6 11. Bxf6 Qxf6 12. f4 Re8 13. O-O-O Qh6 14. Kb1 Bg4 15. Nxg4 1-0

[Event "Live Chess"]
[Site "Chess.com"]
[Date "2010.12.30"]
[Round "-"]
[White "hipposcottimus"]
[Black "clarodeagua2008"]
[Result "1-0"]
[CurrentPosition "6k1/1Rp3pp/8/7n/5p2/3rB3/5PPP/1R4K1 w - -"]
[Timezone "UTC"]
[ECO "C51"]
[ECOUrl "https://www.chess.com/openings/Giuoco-Piano-Game-Evans-Accepted-McDonnell-Defense-6.O-O"]
[UTCDate "2010.12.30"]
[UTCTime "20:45:32"]
[WhiteElo "1354"]
[BlackElo "1561"]
[TimeControl "540"]
[Termination "hipposcottimus won by resignation"]
[StartTime "20:45:32"]
[EndDate "2010.12.30"]
[EndTime "20:52:10"]
[Link "https://www.chess.com/game/live/82632912"]

1. e4 e5 2. Nf3 Nc6 3. Bc4 Bc5 4. b4 Bxb4 5. c3 Bc5 6. O-O Nf6 7. d4 exd4 8. cxd4 Bb4 9. a3 d5 10. exd5 Nxd5 11. axb4 Ncxb4 12. Re1+ Be6 13. Ng5 O-O 14. Qh5 Nf6 15. Nxe6 Nxh5 16. Nxd8 Raxd8 17. Rxa7 Rxd4 18. Bb3 Nd3 19. Rd1 Rfd8 20. Be3 Rb4 21. Bc2 f5 22. Bxd3 Rxb1 23. Rxb1 Rxd3 24. Raxb7 f4 1-0

[Event "Live Chess"]
[Site "Chess.com"]
[Date "2010.12.30"]
[Round "-"]
[White "Kristvar"]
[Black "hipposcottimus"]
[Result "1-0"]
[CurrentPosition "r2R2k1/q4p1p/4pQ2/5p2/2b1p3/4P1P1/P4P1P/1R4K1 b - -"]
[Timezone "UTC"]
[ECO "D10"]
[ECOUrl "https://www.chess.com/openings/Slav-Defense"]
[UTCDate "2010.12.30"]
[UTCTime "20:35:19"]
[WhiteElo "1549"]
[BlackElo "1340"]
[TimeControl "480"]
[Termination "Kristvar won by resignation"]
[StartTime "20:35:19"]
[EndDate "2010.12.30"]
[EndTime "20:43:51"]
[Link "https://www.chess.com/game/live/82630081"]

1. d4 d5 2. c4 c6 3. g3 Nd7 4. Nf3 e6 5. c5 b6 6. b4 a5 7. Bd2 axb4 8. Bxb4 bxc5 9. dxc5 Bxc5 10. Bxc5 Nxc5 11. Bg2 Qa5+ 12. Qd2 Nf6 13. Ne5 Qb5 14. Nc3 Qa6 15. O-O O-O 16. e3 Nce4 17. Nxe4 dxe4 18. Rfc1 Bb7 19. Nd7 Rfd8 20. Nxf6+ gxf6 21. Qb2 f5 22. Bf1 Qa7 23. Qf6 c5 24. Rab1 Bd5 25. Rd1 c4 26. Bxc4 Bxc4 27. Rxd8+ 1-0

[Event "Live Chess"]
[Site "Chess.com"]
[Date "2010.12.30"]
[Round "-"]
[White "hipposcottimus"]
[Black "JamesCox"]
[Result "0-1"]
[CurrentPosition "r1bq1rk1/ppp2ppp/3p2n1/3P4/N3P1n1/3B4/PPP1NKPP/R2Q3R w - -"]
[Timezone "UTC"]
[ECO "B00"]
[ECOUrl "https://www.chess.com/openings/Nimzowitsch-Defense-Kennedy-Linksspringer-Variation-3...Nce7"]
[UTCDate "2010.12.30"]
[UTCTime "20:27:41"]
[WhiteElo "1344"]
[BlackElo "1527"]
[TimeControl "600"]
[Termination "JamesCox won by resignation"]
[StartTime "20:27:41"]
[EndDate "2010.12.30"]
[EndTime "20:30:24"]
[Link "https://www.chess.com/game/live/82628001"]

1. e4 Nc6 2. d4 e5 3. d5 Nce7 4. f4 exf4 5. Bxf4 Ng6 6. Bg3 Nf6 7. Bd3 Bc5 8. Nc3 O-O 9. Nge2 d6 10. Na4 Be3 11. Bf2 Bxf2+ 12. Kxf2 Ng4+ 0-1

[Event "Live Chess"]
[Site "Chess.com"]
[Date "2010.12.30"]
[Round "-"]
[White "hipposcottimus"]
[Black "sugarray2550"]
[Result "0-1"]
[CurrentPosition "8/p2p2pk/7p/1bP5/4q3/PP6/5QPP/6K1 b - -"]
[Timezone "UTC"]
[ECO "C50"]
[ECOUrl "https://www.chess.com/openings/Italian-Game-Hungarian-Defense-4.d4-exd4-5.Nxd4"]
[UTCDate "2010.12.30"]
[UTCTime "20:09:02"]
[WhiteElo "1348"]
[BlackElo "1518"]
[TimeControl "720"]
[Termination "sugarray2550 won by resignation"]
[StartTime "20:09:02"]
[EndDate "2010.12.30"]
[EndTime "20:26:40"]
[Link "https://www.chess.com/game/live/82622207"]

1. e4 e5 2. Nf3 Nc6 3. Bc4 Be7 4. d4 exd4 5. Nxd4 Nxd4 6. Qxd4 Nf6 7. Nc3 O-O 8. Nd5 Nxd5 9. exd5 Bb4+ 10. c3 Re8+ 11. Be3 c5 12. dxc6 Ba5 13. O-O Bb6 14. cxb7 Bxb7 15. Qf4 Bxe3 16. Bxf7+ Kh8 17. fxe3 Rf8 18. Qd6 Qg5 19. Bd5 Rxf1+ 20. Rxf1 Bxd5 21. Rf2 h6 22. b3 Re8 23. c4 Be6 24. e4 Qc1+ 25. Rf1 Qe3+ 26. Rf2 Qe1+ 27. Rf1 Qxe4 28. c5 Bd5 29. Rf2 Bc6 30. a3 Bb5 31. Rf8+ Rxf8 32. Qxf8+ Kh7 33. Qf2 0-1